 Dungeon Crawl Stone Soup version 0.20.1-1-g8b1a95d (webtiles) character file.

6513 tidbits the Martial Artist (level 10, -3/81 HPs)
             Began as a Demigod Transmuter on Aug 31, 2017.
             Slain by a death yak (22 damage)
             ... on level 8 of the Dungeon on Sept 1, 2017.
             The game lasted 00:57:16 (4842 turns).

tidbits the Martial Artist (Demigod Transmuter)     Turns: 4842, Time: 00:57:17

Health: -3/81      AC:  6    Str: 15    XL:     10   Next: 42%
Magic:  2/18       EV: 15    Int: 23    God:
Gold:   414        SH:  2    Dex: 16    Spells: 5/16 levels left

rFire    . . .     SeeInvis +     - Unarmed
rCold    . . .     Gourm    .   (shield currently unavailable)
rNeg     + . .     Faith    .   (no armour)
rPois    .         Spirit   .   E - +0 helmet
rElec    .         Reflect  +   C - +2 cloak
rCorr    .         Harm     .   (gloves currently unavailable)
MR       +....                  (no boots)
Stlth    +.........             x - +2 amulet of reflection
Regen    0.3/turn               k - +2 ring of strength
MPRegen  0.2/turn               M - ring of positive energy

@: blade hands
A: slimy green scales 1, see invisible, high mp 1
a: End Transformation


You were on level 8 of the Dungeon.
You were not hungry.
You had blades for hands.
You visited 1 branch of the dungeon, and saw 12 of its levels.

You collected 414 gold pieces.

Inventory:

Hand Weapons
 b - a +0 blowgun
 e - a +1 dagger of speed
   (You took it off an orc on level 3 of the Dungeon)
 s - a +0 scythe
 y - the +1 mace "Xuos" {crush, rF+ Str-2 Int+5}
   (You found it on level 9 of the Dungeon)

   It inflicts extra damage upon your enemies.
   It affects your strength (-2).
   It affects your intelligence (+5).
   It protects you from fire.
 A - a +0 hunting sling
Missiles
 f - 24 poisoned needles
 h - 143 arrows
 j - 64 sling bullets
 p - 2 throwing nets (quivered) {!f}
 u - 15 tomahawks
 J - 4 tomahawks of returning
Armour
 g - the +13 chain mail of Xeraryno {rC+ MR+ Str+2 Int+3}
   (You took it off an orc on level 9 of the Dungeon)

   It affects your strength (+2).
   It affects your intelligence (+3).
   It protects you from cold.
   It affects your resistance to hostile enchantments.
 B - a +2 leather armour of cold resistance
   (You took it off Eustachio on level 4 of the Dungeon)
 C - a +2 cloak (worn)
 D - a +2 buckler of protection (melded)
   (You found it on level 10 of the Dungeon)
 E - a +0 helmet (worn)
 G - a +0 pair of gloves (melded)
Jewellery
 k - a +2 ring of strength (left scythe-like blade)
   (You found it on level 1 of the Dungeon)
 o - an uncursed ring of fire
   (You found it on level 2 of the Dungeon)
 x - a +2 amulet of reflection (around neck)
   (You found it on level 12 of the Dungeon)
 I - an uncursed ring of see invisible
   (You found it on level 2 of the Dungeon)
 L - an uncursed ring of fire
   (You found it on level 6 of the Dungeon)
 M - a ring of positive energy (right scythe-like blade)
   (You found it on level 6 of the Dungeon)
Wands
 t - a wand of polymorph (8/24)
 H - a wand of digging (4/24)
 O - a wand of flame (14/48)
 P - a wand of flame (12/48)
 U - a wand of enslavement (15/24)
 V - a wand of flame (36/48)
 W - a wand of confusion (24/48)
 Z - a wand of disintegration (1/24)
Scrolls
 m - 2 scrolls of fog {unknown}
 n - 2 scrolls of teleportation
 r - 2 scrolls of remove curse
 v - a scroll of magic mapping {unknown}
 F - a scroll of brand weapon {unknown}
 N - a scroll of fear {unknown}
 Q - 3 scrolls of recharging {unknown}
 X - a scroll of amnesia {unknown}
 Y - a scroll of acquirement {unknown}
Potions
 l - 2 potions of berserk rage {unknown}
 q - 3 potions of ambrosia
 w - 4 potions of curing
 z - a potion of cancellation {unknown}
 K - a potion of heal wounds
 R - 3 potions of might {unknown}
 S - a potion of mutation {!q}
 T - a potion of agility {unknown}
Books
 a - the Incunabulum of the Igneous Traveller
   (You found it on level 4 of the Dungeon)

   Spells                             Type                      Level
   a - Flame Tongue                   Conjuration/Fire             1
   b - Throw Flame                    Conjuration/Fire             2
   c - Controlled Blink               Translocation                8
   d - Disjunction                    Translocation                8
 c - a book of Changes

   Spells                             Type                      Level
   a - Beastly Appendage              Transmutation                1
   b - Sticks to Snakes               Transmutation                2
   c - Spider Form                    Transmutation/Poison         3
   d - Ice Form                       Ice/Transmutation            4
   e - Blade Hands                    Transmutation                5
Comestibles
 d - 4 bread rations
 i - 7 meat rations


   Skills:
 - Level 5.1 Fighting
 - Level 5.4 Dodging
 - Level 4.2 Shields
 - Level 9.0 Unarmed Combat
 + Level 3.6 Spellcasting
 * Level 8.3 Transmutations


You had 5 spell levels left.
You knew the following spells:

 Your Spells              Type           Power        Failure   Level  Hunger
e - Beastly Appendage     Tmut           #####.       11%         1    None
h - Blade Hands           Tmut           #####.....   45%         5    ######.
k - Sticks to Snakes      Tmut           #####...     12%         2    #......
p - Spider Form           Tmut/Pois      ###.......   36%         3    ###....


Dungeon Overview and Level Annotations

Branches:
Dungeon (12/15)            Temple (0/1) D:6             Orc (0/2) D:10
   Lair: D:8-11

Shops:
D:6 (   D:11 (

Annotations:
D:4 Menkaure
D:8 death yaks, Lair?
D:9 exclusion: upstairs
D:10 2 runed doors, exclusions: orange crystal statue and 1 more exclusion
D:12 Stiffzip's ghost, journeyman MfBe; Thaneod's ghost, journeyman MiBe


Innate Abilities, Weirdness & Mutations

You have an increased reservoir of magic. (+10% MP)
You are partially covered in slimy green scales. (AC +2)
You have supernaturally acute eyesight. (SInv)


Message History

The death yak gores you but does no damage.
Your adder bites the death yak but does no damage.
Your ball python bites the death yak but does no damage.
You slice the death yak!!
The death yak is severely wounded.
Your ball python bites the death yak but does no damage.
Your adder bites the death yak.
The death yak gores your adder!!
Your adder dies!
The death yak bellows!
You slice the death yak!!
The death yak is almost dead.
Your ball python bites the death yak but does no damage. x2
The death yak barely misses your ball python.
Your ball python bites the death yak but does no damage.
The death yak gores you!
You barely miss the death yak.
The death yak is almost dead.
Your ball python bites the death yak but does no damage.
Your ball python barely misses the death yak.
Your ball python bites the death yak but does no damage.
The death yak gores your ball python!
Your ball python dies!
Your ball python bites the death yak but does no damage.
You catch the helpless death yak completely off-guard!
You slash the death yak!
You kill the death yak!
Your Spellcasting skill increases to level 3!
The death yak misses your ball python.
Your ball python bites the death yak.
The death yak gores your ball python!!
Your ball python dies!
Casting: Sticks to Snakes
Confirm with . or Enter, or press ? or * to list all spells.
You create 3 snakes!
You now have 145 arrows.
The death yak closely misses your ball python.
Your ball python bites the death yak but does no damage.
The death yak closely misses your adder.
The death yak gores your water moccasin!
The death yak barely misses your ball python.
Your ball python bites the death yak but does no damage.
Your water moccasin bites the death yak but does no damage.
Your adder barely misses the death yak.
The death yak gores your adder!
The death yak completely misses your water moccasin.
Your water moccasin bites the death yak.
The death yak is poisoned.
Your water moccasin poisons the death yak!
Your ball python bites the death yak but does no damage.
Your adder bites the death yak but does no damage.
The death yak gores your ball python!!
Your ball python dies!
The death yak gores your adder!!
Your adder dies!
Your water moccasin bites the death yak but does no damage.
The death yak gores your water moccasin!!
Your water moccasin dies!
Casting: Sticks to Snakes
Confirm with . or Enter, or press ? or * to list all spells.
You create 2 snakes!
You now have 143 arrows.
The death yak gores your adder.
You swap places.
Your ball python bites the death yak.
The death yak closely misses your ball python.
The death yak barely misses your ball python.
Your ball python bites the death yak but does no damage.
Your adder closely misses the death yak.
The death yak gores your ball python!!
Your ball python dies!
The death yak snorts and paws the ground.
You slice the death yak!!
The death yak is moderately wounded.
Your adder bites the death yak but does no damage.
The death yak gores you but does no damage.
You completely miss the death yak.
The death yak is moderately wounded.
Your adder bites the death yak but does no damage.
Your adder bites the death yak.
You slash the death yak!
The death yak is heavily wounded.
The death yak gores you.
Your adder bites the death yak but does no damage.
You slice the death yak!!
The death yak is almost dead.
The death yak gores you!
* * * LOW HITPOINT WARNING * * *
Your adder bites the death yak.
The death yak is poisoned.
Your adder poisons the death yak!
You hit the death yak but do no damage.
The death yak is almost dead.
The death yak gores you but does no damage.
Your adder bites the death yak but does no damage.
You slice the death yak!!
You kill the death yak!
Your Transmutations skill increases to level 8!
The death yak gores your adder!
Your adder dies!
You hit the death yak.
The death yak is lightly wounded.
The death yak looks more healthy.
The death yak gores you!!
* * * LOW HITPOINT WARNING * * *
You slash the death yak!
The death yak is moderately wounded.
The death yak gores you!!
You die...

#.# #.# #.# #.# #.# #.####
#.# #.# #..... ##.## #.#
###### #...## #.# #....#
#.# ########### #...Y# #.#
........(.# ####Y# #.# ..#
#.# #@# #.# #.#
#.######S#######.# #.#
##................# ##
#.######...............###
#.
.........##.####.#####.#
#. ..#########.# #.# #.#
#. ........# #.# #.# #.#
#. .######.###.# #.# #.#
#. .# #.....# #.# #.# #.


You could see 2 death yaks and a friendly ball python.

Vanquished Creatures
  2 death yaks (D:8)
  Pikel (D:7)
  A hippogriff (D:11)
  Sigmund (D:4)
  Eustachio (D:4)
  A wyvern (D:11)
  4 yaks
  A hungry ghost (D:8)
  Duvessa (D:7)
  An orc warrior (D:9)
  2 phantoms
  2 eyes of draining
  2 ice beasts
  2 ogres
  4 centaurs
  Blork the orc (D:4)
  2 bullfrogs (D:9)
  A big kobold (D:6)
  Dowan (D:7)
  A scorpion (D:10)
  A wight (D:8)
  A bullfrog zombie (D:5)
  2 crimson imps
  3 centaur skeletons
  6 hounds
  3 iguanas
  A bullfrog skeleton (D:4)
  5 orc wizards
  5 worker ants
  A killer bee zombie (D:6)
  2 hound zombies
  A worker ant zombie (D:11)
  4 adders
  2 howler monkey skeletons (D:4)
  4 shadow imps
  2 adder skeletons
  An adder zombie (D:5)
  2 worms (D:2)
  2 dart slugs (D:2)
  3 leopard geckos
  16 orcs
  3 ball pythons
  13 giant cockroaches
  4 hobgoblins
  9 jackals
  6 quokkas
  4 bats
  4 frilled lizards
  11 goblins
  A jackal skeleton (D:7)
  A jackal zombie (D:3)
  8 kobolds
  2 leopard gecko skeletons
  A quokka skeleton (D:4)
  6 rats
172 creatures vanquished.

Vanquished Creatures (collateral kills)
  Harold (D:11)
  An ice beast (D:9)
  A bullfrog (D:7)
  2 wights (D:8)
  A centaur zombie (D:6)
  An orc wizard (D:7)
  2 adder zombies (D:9)
  2 orcs
  A giant cockroach (D:2)
  A hobgoblin (D:2)
13 creatures vanquished.

Grand Total: 185 creatures vanquished

Notes
Turn   | Place    | Note
-------+----------+-------------------------------------------
     0 | D:1      | tidbits the Demigod Transmuter began the quest for the Orb.
     0 | D:1      | Reached XP level 1. HP: 15/15 MP: 5/5
    22 | D:1      | Reached skill level 2 in Spellcasting
   112 | D:1      | Reached skill level 2 in Transmutations
   157 | D:1      | Reached XP level 2. HP: 12/22 MP: 5/7
   175 | D:1      | Learned a level 2 spell: Sticks to Snakes
   446 | D:2      | Reached skill level 3 in Transmutations
   447 | D:2      | Reached XP level 3. HP: 18/27 MP: 4/8
   452 | D:2      | Learned a level 3 spell: Spider Form
   530 | D:2      | Reached skill level 3 in Unarmed Combat
   612 | D:2      | Found a glowing silver altar of Zin.
   616 | D:2      | Found a sacrificial altar of Ru.
   798 | D:4      | Noticed Sigmund
   808 | D:4      | Killed Sigmund
   808 | D:4      | Reached skill level 5 in Unarmed Combat
   808 | D:4      | Reached XP level 4. HP: 23/34 MP: 1/9
   808 | D:4      | Reached XP level 5. HP: 27/39 MP: 1/10
   832 | D:4      | Found a hide-covered altar of Uskayaw.
   832 | D:4      | Identified the Incunabulum of the Igneous Traveller
   866 | D:4      | Noticed Eustachio
   925 | D:3      | Reached skill level 1 in Fighting
  1054 | D:4      | Noticed Menkaure
  1126 | D:3      | Reached skill level 2 in Dodging
  1243 | D:4      | Killed Eustachio
  1243 | D:4      | Reached XP level 6. HP: 29/48 MP: 1/11
  1422 | D:5      | Entered Level 5 of the Dungeon
  1534 | D:6      | Reached skill level 2 in Fighting
  1541 | D:6      | Found a shattered altar of Ashenzari.
  1596 | D:6      | Found a shadowy altar of Dithmenos.
  1636 | D:6      | Found an opulent altar of Gozag.
  1715 | D:6      | Gained mutation: You tend to lose your temper in combat. [potion of mutation]
  1715 | D:6      | Gained mutation: You are partially covered in slimy green scales. (AC +2) [potion of mutation]
  1859 | D:5      | Reached skill level 6 in Unarmed Combat
  1859 | D:5      | Reached XP level 7. HP: 31/56 MP: 7/13
  1934 | D:4      | Noticed Blork the orc
  1939 | D:4      | Reached skill level 3 in Dodging
  1951 | D:4      | Killed Blork the orc
  1951 | D:4      | Reached skill level 4 in Transmutations
  1976 | D:4      | Lost mutation: You tend to lose your temper in combat. [potion of mutation]
  1976 | D:4      | Lost mutation: You are partially covered in slimy green scales. (AC +2) [potion of mutation]
  1976 | D:4      | Gained mutation: You evolve. [potion of mutation]
  1976 | D:4      | Gained mutation: You are partially covered in slimy green scales. (AC +2) [potion of mutation]
  2105 | D:5      | Gained mutation: You have supernaturally acute eyesight. (SInv) [evolution]
  2105 | D:5      | Lost mutation: You evolve. [end of evolution]
  2312 | D:6      | Found Heuv Wuy's Antique Weapon Emporium.
  2330 | D:6      | Reached skill level 3 in Fighting
  2409 | D:6      | Found a staircase to the Ecumenical Temple.
  2437 | D:6      | Reached skill level 7 in Unarmed Combat
  2437 | D:6      | Reached XP level 8. HP: 55/63 MP: 10/14
  2441 | D:7      | Noticed Duvessa
  2497 | D:7      | Found a hazy altar of Hepliaklqana.
  2794 | D:7      | Found a shattered altar of Ashenzari.
  2843 | D:7      | Noticed Dowan
  2850 | D:7      | Killed Duvessa
  2850 | D:7      | Reached skill level 4 in Dodging
  2857 | D:7      | Killed Dowan
  2919 | D:7      | Noticed Pikel
  2934 | D:7      | Killed Pikel
  2934 | D:7      | Reached skill level 4 in Fighting
  2934 | D:7      | Reached skill level 5 in Transmutations
  3015 | D:8      | Reached skill level 8 in Unarmed Combat
  3248 | D:8      | Noticed a death yak
  3250 | D:8      | Noticed a death yak
  3370 | D:10     | Entered Level 10 of the Dungeon
  3376 | D:11     | Noticed a hippogriff
  3378 | D:11     | Found Mimm's Weapon Shoppe.
  3385 | D:11     | Reached XP level 9. HP: 68/72 MP: 3/15
  3417 | D:11     | Reached skill level 5 in Dodging
  3435 | D:11     | Noticed Harold
  3457 | D:11     | Killed Harold
  3457 | D:11     | Reached skill level 5 in Fighting
  3457 | D:11     | Reached skill level 6 in Transmutations
  3464 | D:11     | Learned a level 5 spell: Blade Hands
  3617 | D:10     | Reached skill level 9 in Unarmed Combat
  3663 | D:10     | Found a runed door.
  3677 | D:10     | Found a runed door.
  3695 | D:10     | Noticed an orange crystal statue
  3706 | D:10     | Found a staircase to the Orcish Mines.
  3727 | D:10     | Reached skill level 1 in Shields
  3754 | D:9      | Reached skill level 2 in Shields
  3775 | D:9      | Got a shimmering mace
  3814 | D:9      | Got an encrusted chain mail
  3867 | D:9      | Identified the cursed +1 mace "Xuos" {crush, rF+ Str-2 Int+5} (You found it on level 9 of the Dungeon)
  3889 | D:9      | Identified the +13 chain mail of Xeraryno {rC+ MR+ Str+2 Int+3} (You took it off an orc on level 9 of the Dungeon)
  3946 | D:10     | Reached skill level 3 in Shields
  3963 | D:10     | Reached skill level 4 in Shields
  4075 | D:10     | Reached XP level 10. HP: 81/81 MP: 1/16
  4213 | D:12     | Noticed a purple ugly thing
  4213 | D:12     | Noticed Stiffzip's ghost (journeyman MfBe)
  4258 | D:11     | Reached skill level 7 in Transmutations
  4315 | D:12     | Noticed Thaneod's ghost (journeyman MiBe)
  4800 | D:8      | Noticed a death yak
  4805 | D:8      | Noticed a death yak
  4822 | D:8      | Noticed a death yak
  4827 | D:8      | Killed a death yak
  4827 | D:8      | Reached skill level 3 in Spellcasting
  4840 | D:8      | Killed a death yak
  4840 | D:8      | Reached skill level 8 in Transmutations
  4842 | D:8      | Slain by a death yak

Skill      XL: |  1  2  3  4  5  6  7  8  9 10 |
---------------+-------------------------------+-----
Spellcasting   | 2 3 |  3.6
Transmutations | 2 3 4 5 6 8 |  8.3
Unarmed Combat | 5 6 7 8 9 |  9.0
Fighting       | 1 2 3 4 5 |  5.1
Dodging        | 2 3 4 5 |  5.4
Shields        | 4 |  4.2

Action                   |  1- 3 |  4- 6 |  7- 9 | 10-12 || total
-------------------------+-------+-------+-------+-------++-------
Melee: Dagger            |    68 |     8 |    55 |       ||   131
       Unarmed           |    62 |   107 |   271 |    57 ||   497
       Headbutt          |     9 |     2 |       |       ||    11
       Kick              |    11 |     2 |     5 |       ||    18
       Punch             |     2 |       |     4 |       ||     6
 Cast: Beastly Appendage |    18 |     3 |     1 |       ||    22
       Sticks to Snakes  |     4 |     5 |    27 |    20 ||    56
       Spider Form       |     7 |    17 |    36 |     4 ||    64
       Blade Hands       |       |       |       |     2 ||     2
 Abil: End Transformatio |       |       |     2 |       ||     2
Evoke: Wand              |       |       |     1 |     1 ||     2
  Use: Potion            |       |     3 |     2 |       ||     5
       Scroll            |       |     6 |     9 |     1 ||    16
 Stab: Distracted        |     1 |       |     2 |     2 ||     5
       Sleeping          |       |     1 |     2 |       ||     3
  Eat: Chunk             |     1 |     7 |    12 |       ||    20
       Fruit             |       |       |     4 |     2 ||     6
       Royal jelly       |       |       |       |     3 ||     3
Armor: Robe              |    20 |     4 |       |       ||    24
       Skin              |     4 |     8 |     7 |     4 ||    23
       Leather armour    |       |     3 |    20 |       ||    23
Dodge: Dodged            |    80 |    93 |   225 |    26 ||   424
Block: Buckler           |       |       |     2 |     4 ||     6
       Reflection        |       |       |       |     2 ||     2

Table legend:
 A = Turns spent in this place as a percentage of turns spent in the entire game.
 B = Non-inter-level travel turns spent in this place as a percentage of non-inter-level travel turns spent in the entire game.
 C = Inter-level travel turns spent in this place as a percentage of turns spent in this place.
 D = Turns resting spent in this place as a percentage of non-inter-level travel turns spent in this place.
 E = Turns spent auto-exploring this place as a percentage of non-inter-level travel turns spent in this place.
 F = Non-inter-level travel turns spent in this place divided by the number of levels of this place that you've seen.
                   A       B       C       D       E      F
               +-------+-------+-------+-------+-------+----------------------
         Total | 100.0 | 100.0 |   0.2 |   0.0 |   0.0 | 365.6
       Dungeon | 100.0 | 100.0 |   0.2 |   0.0 |   0.0 | 365.6
               +-------+-------+-------+-------+-------+----------------------

Table legend:
 A = Kills in this place as a percentage of kills in entire the game.
 B = Kills by you in this place as a percentage of kills by you in the entire game.
 C = Kills by friends in this place as a percentage of kills by friends in the entire game.
 D = Other kills in this place as a percentage of other kills in the entire game.
 E = Experience gained in this place as a percentage of experience gained in the entire game.
 F = Experience gained in this place divided by the number of levels of this place that you have seen.
                   A       B       C       D       E      F
               +-------+-------+-------+-------+-------+----------------------
         Total | 100.0 | 100.0 | 100.0 |  -nan | 100.0 | 775.4
       Dungeon | 100.0 | 100.0 | 100.0 |  -nan | 100.0 | 775.4
               +-------+-------+-------+-------+-------+----------------------

Vault maps used:
D:1:      minmay_arrival_split_and_join
D:2:      minmay_roachtagon, minitemple
D:3:      first_bread, serial_undead, serial_undead_a, serial_undead_d,
          serial_undead_b, serial_undead_c
D:4:      overflow_temple_1_default, uniq_sigmund, uniq_eustachio,
          uniq_menkaure, uniq_blork_the_orc
D:6:      ashenzari_conservatory_becter, grunt_dithmenos_shadows,
          minmay_temple_entry_overgrown, serial_shops, kennysheep_little_box,
          nicolae_shop_stone, grunt_gozag_statues
D:7:      lemuel_crystal_altar, lemuel_round_altar, basic_altar, uniq_pikel,
          uniq_duvessa
D:8:      dpeg_lair_monsters
D:9:      old_standard_altar, makhleb_altar_promises_db, uniq_maurice
D:10:     orc_0_dummy, chequers_guarded_unrand_ignorance
D:11:     serial_shops, shop, uniq_harold
